Map: 乌雷纳

Players

shengy

  • Race: Zerg Zerg
  • League: Platinum

NanoComms - Winner!

  • Race: Protoss Protoss
  • League: Diamond

VOD

Have the link to the VOD?

Description

Time

  • Played on: Dec. 26, 2015, 4:41 p.m.
  • Length: 4:59
Show
View Real Time Build Order
Export as new Build Order

shengy Zerg 

Build Orders: 3 Hatch before Pool 

Get SALT Encoding   

  12  0:00  Drone  
  13  0:08  Drone  
  14  0:17  Overlord  
  14  0:35  Drone x3  
  17  0:57  Hatchery, Drone  
  18  1:01  Drone  
  18  1:25  Drone  
  19  1:34  Hatchery  
  18  1:41  Spawning Pool  
  17  1:49  Drone, Overlord  
  18  1:56  Drone  
  19  2:09  Drone  
  19  2:12  Extractor  
  19  2:13  Drone x2  
  21  2:20  Drone  
  22  2:23  Drone  
  22  2:29  Queen  
  25  2:30  Queen  
  25  2:33  Zergling x2  
  25  2:35  Zergling x2  
  29  2:46  Roach Warren  
  28  2:53  Drone  
  28  2:54  Spine Crawler  
  28  3:02  Queen  
  30  3:13  Drone  
  30  3:14  Drone x2  
  33  3:22  Lair  
  33  3:26  Drone x2  
  35  3:28  Drone  
  35  3:31  Extractor  
  35  3:34  Extractor  
  35  3:35  Drone  
  35  3:37  Extractor  
  34  3:43  Drone x2  
  36  3:48  Roach  
  38  3:56  Roach x2  
  38  3:58  Overlord  
  37  4:18  Roach x2  
  37  4:19  Roach x2  
  42  4:40  Overlord  
Show
View Real Time Build Order
Export as new Build Order

NanoComms Protoss - Winner!

Build Orders:  

Get SALT Encoding   

  12  0:00  Probe (Chrono Boost)  
  13  0:11  Probe (Chrono Boost)  
  14  0:22  Pylon  
  14  0:23  Probe (Chrono Boost)  
  15  0:40  Probe (Chrono Boost)  
  15  0:42  Gateway  
  16  0:51  Probe (Chrono Boost)  
  16  0:56  Assimilator  
  17  1:01  Probe (Chrono Boost)  
  18  1:12  Probe (Chrono Boost)  
  19  1:21  Assimilator  
  19  1:22  Probe (Chrono Boost)  
  20  1:27  Gateway  
  20  1:30  Cybernetics Core  
  20  1:33  Probe (Chrono Boost)  
  21  1:42  Pylon  
  21  1:44  Probe (Chrono Boost)  
  22  2:00  Gateway, Zealot  
  24  2:07  Warp Gate (Chrono Boost)  
  24  2:13  Gateway  
  24  2:27  Gateway  
  24  2:34  Pylon  
  24  2:42  Sentry  
  24  2:43  Sentry  
  28  2:48  Pylon  
  28  2:51  Sentry  
  30  2:57  Mothership Core  
  32  3:08  Stalker  
  34  3:18  Stalker  
  36  3:24  Adept  
  38  3:27  Adept  
  40  3:55  Pylon  
  40  3:59  Probe  
  40  4:01  Adept x3  
  47  4:19  Adept  
  47  4:20  Adept  
  51  4:46  Stalker x2  
  51  4:48  Gateway  
  51  4:52  Pylon  
Tags
 
Add a new tag
Caveats
  • Supply blocks, unpowered buildings, or Contaminate may cause inaccurate times.
  • Supply counts are checked every 10 seconds.